 Dungeon Crawl Stone Soup version 0.29.0-13-gc9e81de378 (webtiles) character file.

Game seed: 4247168191165681175

4036 Pooter the Cleaver (level 10, -2/88 HPs)
             Began as a Minotaur Fighter on Sept 9, 2022.
             Was a Priest of Okawaru.
             Slain by Snorg (7 damage)
             ... on level 10 of the Dungeon.
             The game lasted 00:46:07 (10222 turns).

Pooter the Cleaver (Minotaur Fighter)              Turns: 10222, Time: 00:46:08

Health: -2/88      AC: 15    Str: 24    XL:     10   Next: 4%
Magic:  11/11      EV:  5    Int:  5    God:    Okawaru [***...]
Gold:   171        SH:  8    Dex: 11    Spells: 9/9 levels left

rFire   + . .      SeeInvis .   a - +2 war axe
rCold   + . .      Faith    .   x - +0 kite shield
rNeg    . . .      Spirit   .   h - +3 plate armour
rPois   .          Reflect  .   (helmet restricted)
rElec   .          Harm     .   d - scarf {rC+ rF+}
rCorr   .          Rampage  .   (no gloves)
Will    .....                   (no boots)
Stlth   ..........              (no amulet)
HPRegen 0.24/turn               (no ring)
MPRegen 0.12/turn               (no ring)

@: no status effects
A: horns 2, retaliatory headbutt
a: Renounce Religion, Heroism


You were on level 10 of the Dungeon.
You worshipped Okawaru.
Okawaru was most pleased with you.
You visited 2 branches of the dungeon, and saw 11 of its levels.

You collected 555 gold pieces.
You spent 384 gold pieces at shops.

Inventory:

Hand Weapons
 a - a +2 war axe (weapon)
 b - the +4 sling of Heisonk {freeze, Will+ Str+4}
   (You found it on level 8 of the Dungeon)

   Any ammunition fired from it freezes those it strikes, dealing additional
   cold damage.
   It can also slow down cold-blooded creatures.
   Str:       It affects your strength (+4).
   Will:      It increases your willpower.
 p - a +0 trident
   (You took it off Terence on level 3 of the Dungeon)
Missiles
 c - 5 curare-tipped darts
 e - 8 poisoned darts
 v - 6 boomerangs (quivered)
 Q - 34 stones
Armour
 d - a scarf of resistance (worn)
   (You found it on level 8 of the Dungeon)
 h - a +3 plate armour (worn)
   (You found it on level 1 of the Dungeon)
 x - a +0 kite shield (worn)
   (You took it off a gnoll sergeant on level 5 of the Dungeon)
 C - an orb of light
   (You found it on level 8 of the Dungeon)
Wands
 f - a wand of flame (86)
   (You bought it in a shop on level 5 of the Dungeon)
 m - a wand of polymorph (5)
   (You found it on level 2 of the Dungeon)
 E - a wand of light (10)
   (You found it on level 8 of the Dungeon)
Scrolls
 g - 2 scrolls of amnesia
 l - 4 scrolls of noise {!r}
 r - a scroll of fog
 t - 2 scrolls of teleportation {@r4}
 u - 2 scrolls of vulnerability {!r}
 y - a scroll of magic mapping
 D - a scroll of blinking
Potions
 j - 2 potions of attraction {!q}
 k - 5 potions of curing {@q1}
 n - 4 potions of heal wounds {@q2}
 o - 4 potions of lignification {!q}
 s - a potion of mutation {unknown}
 w - 3 potions of brilliance
 z - a potion of cancellation
 A - a potion of resistance {unknown}


   Skills:
 + Level 7.9 Fighting
 * Level 10.3 Axes
 + Level 7.7 Ranged Weapons
 - Level 6.4 Armour
 - Level 3.6 Shields
 + Level 3.2 Invocations
 + Level 4.1 Evocations


You had 9 spell levels left.
You didn't know any spells.
Your spell library contained the following spells:

 Spells                   Type           Power      Damage    Failure   Level
 Sandblast                Erth           0%         2d4       100%        1
 Passwall                 Tmut/Erth      0%         N/A       100%        2
 Stone Arrow              Conj/Erth      0%         3d7       100%        3
 Fireball                 Conj/Fire      0%         3d3       100%        5
 Iskenderun's Battlesphe  Conj           0%         2d6       100%        5
 Conjure Ball Lightning   Conj/Air       0%         3x3d6     100%        6
 Orb of Destruction       Conj           0%         9d5       100%        7
 Summon Small Mammal      Summ           Unusable   N/A       N/A         1
 Call Canine Familiar     Summ           Unusable   N/A       N/A         3
 Summon Guardian Golem    Hex/Summ       Unusable   N/A       N/A         3

Dungeon Overview and Level Annotations

Branches:
Dungeon (10/15)            Temple (1/1) D:5
   Lair: D:8-11         Orc: D:9-12

Altars:
Ashenzari
Cheibriados
Dithmenos
Elyvilon
Fedhas
Kikubaaqudgha
Makhleb
Nemelex Xobeh
Okawaru
Qazlal
Ru
Sif Muna
Trog
Uskayaw
Vehumet
Wu Jian
Xom
Yredelemnul
Zin
The Shining One

Shops:
D:5 *   D:8 =

Annotations:
D:7 2 transporters, baller8008's ghost, novice DrFi
D:10 Snorg


Innate Abilities, Weirdness & Mutations

You have a pair of horns on your head.
You reflexively headbutt those who attack you in melee.


Message History

You feel a bit more experienced.
You shoot a sling bullet. The sling bullet barely misses the orc.
You shoot a sling bullet. The sling bullet barely misses the orc.
You shoot a sling bullet.
The sling bullet hits the orc but does no damage.
You block the orc's attack. The orc hits you but does no damage.
The +4 sling of Heisonk {freeze, Will+ Str+4} stops glowing.
a - a +2 war axe (weapon)
You closely miss the orc. The orc hits you but does no damage.
You hit the orc.
You kill the orc!
Okawaru accepts your kill. You block the orc's attack.
You barely miss the orc. Your headbutt misses the orc.
You block the orc's attack.
You closely miss the orc. The orc hits you but does no damage.
You hit the orc. Your headbutt misses the orc.
The orc hits you but does no damage.
You slash the orc!
You kill the orc!
Okawaru accepts your kill.
Items here: ))) [ ††.
Okay, then.
There is a stone staircase leading down here.
You open the door.
There is an open door here.
You open the door.
Snorg the Insatiable comes into view.
You slash Snorg! You headbutt Snorg! You block Snorg's attack. Snorg claws you!
Snorg claws you.
You slash Snorg! Snorg bites you but does no damage.
Snorg claws you but does no damage. You block Snorg's attack. Snorg bites you.
You block Snorg's attack. Snorg claws you.
You closely miss Snorg. Snorg barely misses you. You block Snorg's attack.
Snorg claws you!
You barely miss Snorg. Snorg bites you! You block Snorg's attack. x2
You barely miss Snorg. Snorg bites you!
* * * LOW HITPOINT WARNING * * *
Snorg claws you!
* * * LOW HITPOINT WARNING * * *
You block Snorg's attack.
You barely miss Snorg. Your headbutt misses Snorg. Snorg bites you.
* * * LOW HITPOINT WARNING * * *
Snorg claws you but does no damage. x2
Unknown command.
You slice Snorg!! You headbutt Snorg!
Snorg goes berserk!
You hit Snorg. You headbutt Snorg. Snorg bites you!!
* * * LOW HITPOINT WARNING * * *
Snorg claws you!
You die...

####### .....#
....# ... #T# #@#
########.#
.......#.#
.......'>######.#
.......#.)..)...#
#......#.########
##### #......#.#
...# ########.##
#.######## #..#


You could see Snorg (berserk).

Vanquished Creatures
  Maggie (D:8)
  Sigmund (D:6)
  A wraith (D:9)
  Eustachio (D:6)
  2 wyverns
  Duvessa (D:6)
  2 water moccasins
  2 orc warriors
  5 black bears
  An ogre (D:4)
  A sky beast (D:7)
  A phantom (D:6)
  5 bullfrogs
  3 gnoll sergeants
  3 necrophages
  2 scorpions (D:5)
  A wight (D:7)
  Dowan (D:6)
  A howler monkey (D:7)
  3 hounds (D:5)
  2 orc priests
  A gnoll bouda (D:9)
  A jelly (D:5)
  Terence (D:3)
  4 iguanas
  7 orc wizards
  17 gnolls
  7 adders
  A white imp (D:6)
  2 worms (D:5)
  3 dart slugs
  26 orcs
  4 endoplasms
  2 giant cockroaches
  4 goblins
  2 hobgoblins
  3 jackals (D:4)
  6 kobolds
  6 quokkas
  6 ball pythons
  2 bats (D:1)
  3 frilled lizards
  6 rats
154 creatures vanquished.

Vanquished Creatures (others)
  6 plants
6 creatures vanquished.

Grand Total: 160 creatures vanquished

Notes
Turn   | Place    | Note
-------+----------+-------------------------------------------
     0 | D:1      | Pooter the Minotaur Fighter began the quest for the Orb.
     0 | D:1      | Reached XP level 1. HP: 19/19 MP: 0/0
   179 | D:1      | Reached skill level 3 in Axes
   179 | D:1      | Reached XP level 2. HP: 4/27 MP: 1/1
   876 | D:2      | Reached XP level 3. HP: 33/33 MP: 2/2
   985 | D:2      | Found a sacrificial altar of Ru.
  1061 | D:2      | Reached skill level 1 in Ranged Weapons
  1090 | D:2      | Reached skill level 4 in Axes
  1165 | D:2      | Found a faded altar of an unknown god.
  2026 | D:3      | Noticed Terence
  2033 | D:3      | Killed Terence
  2034 | D:3      | Reached XP level 4. HP: 23/41 MP: 3/3
  3064 | D:4      | Noticed an ogre
  3073 | D:4      | Killed an ogre
  3074 | D:4      | Reached skill level 5 in Axes
  3074 | D:4      | Reached XP level 5. HP: 41/47 MP: 4/4
  3161 | D:5      | Entered Level 5 of the Dungeon
  3176 | D:5      | Reached XP level 6. HP: 49/55 MP: 5/5
  3240 | D:5      | Noticed Edmund
  3250 | D:5      | Noticed Edmund
  3250 | D:5      | Edmund changed into Edmund the wyvern
  3258 | D:5      | Killed Edmund the wyvern
  3259 | D:5      | Reached skill level 5 in Fighting
  3537 | D:5      | Reached skill level 6 in Axes
  3537 | D:5      | Reached skill level 5 in Armour
  3537 | D:5      | Reached XP level 7. HP: 54/61 MP: 6/6
  3644 | D:5      | Found Hoir Vetwa's General Store.
  3653 | D:5      | Bought a wand of flame (8) for 78 gold pieces
  3653 | D:5      | Bought a wand of roots (6) for 201 gold pieces
  3666 | D:5      | Found a staircase to the Ecumenical Temple.
  3699 | Temple   | Entered the Ecumenical Temple
  3946 | Temple   | Became a worshipper of Warmaster Okawaru
  4020 | D:5      | Reached skill level 5 in Ranged Weapons
  4086 | D:5      | Reached skill level 7 in Axes
  4089 | D:5      | Reached skill level 1 in Evocations
  4089 | D:5      | Reached XP level 8. HP: 66/70 MP: 7/7
  4513 | D:6      | Found a radiant altar of Vehumet.
  4513 | D:6      | Found a hide-covered altar of Uskayaw.
  5035 | D:6      | Found a white marble altar of Elyvilon.
  5035 | D:6      | Found a basalt altar of Yredelemnul.
  5035 | D:6      | Found a blossoming altar of Fedhas.
  5041 | D:6      | Found a sacrificial altar of Ru.
  5043 | D:6      | Found a sparkling altar of Nemelex Xobeh.
  5044 | D:6      | Found a snail-covered altar of Cheibriados.
  5046 | D:6      | Found a glowing silver altar of Zin.
  5124 | D:6      | Noticed Eustachio
  5168 | D:6      | Killed Eustachio
  5168 | D:6      | Reached * piety under Okawaru
  5270 | D:6      | Noticed Duvessa
  5274 | D:6      | Noticed Dowan
  5276 | D:6      | Killed Duvessa
  5277 | D:6      | Reached skill level 8 in Axes
  5280 | D:6      | Killed Dowan
  5369 | D:6      | Noticed Sigmund
  5381 | D:6      | Killed Sigmund
  6707 | D:7      | Reached XP level 9. HP: 77/78 MP: 8/8
  6832 | D:7      | Found a transporter.
  6837 | D:7      | Found a bloodstained altar of Trog.
  6837 | D:7      | Noticed a moth of wrath
  6837 | D:7      | Noticed baller8008's ghost (novice DrFi)
  6944 | D:5      | Bought a scroll of enchant weapon for 105 gold pieces
  7042 | D:7      | You fall into a shaft and drop 1 floor!
  7191 | D:8      | Reached skill level 1 in Invocations
  7474 | D:8      | Noticed Maggie
  7477 | D:8      | Reached ** piety under Okawaru
  7495 | D:8      | Killed Maggie
  7496 | D:8      | Reached skill level 9 in Axes
  8014 | D:7      | Found a transporter.
  8093 | D:7      | Noticed a two-headed ogre
  8171 | D:8      | Found Geptal's Jewellery Emporium.
  8349 | D:8      | Identified the +4 sling of Heisonk {freeze, Will+ Str+4}
  9177 | D:9      | Reached skill level 10 in Axes
  9359 | D:9      | Reached *** piety under Okawaru
 10043 | D:9      | Reached XP level 10. HP: 77/88 MP: 11/11
 10146 | D:10     | Entered Level 10 of the Dungeon
 10214 | D:10     | Noticed Snorg
 10222 | D:10     | Slain by Snorg

Illustrated notes

Levels and vault maps discovered:
D:1:      tarquinn_simple_flora_water_f, layout_loops_ring,
          nicolae_grassy_gnolls
D:2:      layout_loops_ring, serial_forest, infiniplex_forest_straight_4,
          infiniplex_forest_clump_small, infiniplex_forest_diagonal,
          infiniplex_forest_diagonal, infiniplex_forest_corner_1,
          infiniplex_forest_corner_1, infiniplex_forest_pool,
          infiniplex_forest_3_way, infiniplex_forest_clump_C, basic_altar,
          shapermc_ecumenical_altar_starsandcircs
D:3:      layout_rooms, uniq_terence
D:4:      layout_loops_ring, hangedman_decor_push, fountainhead
D:5:      layout_basic, minmay_temple_entry_waves, serial_shops, shop,
          serial_glass, glass_columns_c, glass_columns_b, glass_columns_a,
          glass_columns_b, glass_columns_a, item_on_display_a,
          item_on_display_a, feat_on_display, st_stairs_11, uniq_edmund
D:6:      layout_loops_ring, nicolae_overflow_hallway_of_the_gods, uniq_sigmund,
          uniq_eustachio, uniq_duvessa
D:7:      layout_basic, gammafunk_ghost_wrathful_warriors, grunt_tough_drop
D:8:      layout_rooms, serial_shops, nicolae_stop_n_shop_1, serial_aquarium,
          aquarium_bridge_square [aquarium_subvault_bridge,
          aquarium_subvault_bridge, aquarium_subvault_wall,
          aquarium_subvault_bridge], aquarium_bridge_island_small
          [aquarium_subvault_small_open, aquarium_subvault_wall,
          aquarium_subvault_bridge, aquarium_subvault_wall,
          aquarium_subvault_bridge], aquarium_window_corner,
          aquarium_window_corner, aquarium_window_1, aquarium_window_2,
          aquarium_view_2a, aquarium_balcony_double_4, uniq_maggie
D:9:      layout_rooms, serial_curves, eino_curves_03, eino_curves_04,
          eino_curves_04, eino_curves_04
D:10:     layout_basic, mainiacjoe_overflow_swirl, lair_entry_dummy,
          uniq_gastronok, uniq_nergalle, uniq_snorg
Temple:   minmay_freezing_vapour_temple

Skill      XL: |  1  2  3  4  5  6  7  8  9 |
---------------+----------------------------+-----
Fighting       | 4 5 6 7 |  7.9
Axes           | 3 4 5 6 7 8 10 | 10.3
Ranged Weapons | 1 2 3 4 5 6 7 |  7.7
Armour         | 4 5 6 |  6.4
Evocations     | 1 2 4 |  4.1
Invocations    | 3 |  3.2
Shields        | |  3.6

Action                   |  1- 3 |  4- 6 |  7- 9 | 10-12 || total
-------------------------+-------+-------+-------+-------++-------
Melee: War axe           |    59 |    46 |   253 |    23 ||   381
       Headbutt          |     7 |     5 |    56 |     3 ||    71
 Fire: Sling             |    45 |    34 |    75 |    14 ||   168
Throw: Dart              |       |     5 |     3 |       ||     8
       Boomerang         |       |     1 |    21 |     2 ||    24
Invok: Heroism           |       |       |     5 |       ||     5
Evoke: Wand              |     1 |     5 |     8 |       ||    14
  Use: Scroll            |     7 |     9 |    10 |     1 ||    27
       Potion            |       |       |     3 |       ||     3
Armor: Scale mail        |    11 |       |       |       ||    11
       Plate armour      |    28 |    39 |   131 |    10 ||   208
Dodge: Dodged            |    21 |    23 |    62 |     3 ||   109
Block: Buckler           |    16 |    10 |    16 |       ||    42
       Kite shield       |       |       |    75 |    15 ||    90
